cohdb
Replays
Latest Replays
All Replays
Popular Replays
Top Player Replays
Match Explorer
How It Works
Community
CoH3 Stats
Reddit
Sign in to upload your games and track your stats! →
Sign in with Steam
Match 37502456
Unlisted
Match 37502456
Overview
Messages
Build Orders
End
Kradschützen Motorcycle Team
Panzergrenadier Squad
250 Light Carrier
Construct Light Support Kompanie
Selects Italian Infantry
Panzergrenadier Squad
2.5-tonne Medical Truck
Fire Support Elements
MG34 Team
Flakvierling Half-track
Selects Guastatori Squad
Guastatori Squad
Selects Registered Artillery
Construct Panzerarmee Kommand
Selects Towed Cannone da 105/28 Field Howitzer
Towed Cannone da 105/28 Field Howitzer
Panzer III L Medium Tank
cwstatic
legranduke
SneaKerz
gb_gbg
0
0
Comments
sign in to comment!
No comments posted yet!